AoeStats
← Marts

Arabia

508000842Analyzed
2v2 RM · 13d ago on Sep 20, 2026· 26m 35s· 4 players
Game mode
Random Map
Map size
Medium (4 player)
Population
200
Speed
Normal
Resources
Standard
Victory
Conquest
Starting age
Dark Age
Ending age
Imperial Age
RankedLock teamsTeams togetherTeam positionsShared explorationLock speedFull tech treeHidden civsTurbo modeCheats
Victory
Defeat
🇦🇷 Spanish · Argentina
1419
+17
🇦🇷 Ethiopians · Argentina
1400
+17
🇫🇷 Japanese · France
1440
-17
🇪🇸 Franks · Spain
1438
-17
TheKillerSoap
6:39 Loom
8:52 Feudal Age
15:12 Double-Bit Axe
15:48 Horse Collar
20:12 Gold Mining
23:00 Castle Age
22:05 Scale Barding Armor
22:11 Forging
24:08 Chain Barding Armor
25:04 Wheelbarrow
26:54 Bloodlines
Sapeee!
5:41 Loom
9:05 Feudal Age
10:26 Double-Bit Axe
15:05 Fletching
23:15 Castle Age
21:52 Padded Archer Armor
21:44 Gold Mining
23:18 Crossbowman
23:54 Bodkin Arrow
24:22 Leather Archer Armor
25:38 Ballistics
26:34 Horse Collar
Marts
6:43 Loom
9:28 Feudal Age
9:30 Man-at-Arms
13:30 Town Watch
16:35 Fletching
23:08 Castle Age
21:35 Double-Bit Axe
22:57 Gold Mining
23:12 Crossbowman
23:47 Bodkin Arrow
26:34 Bow Saw
26:06 Horse Collar
MaverickGG1403
4:16 Loom
9:23 Feudal Age
9:53 Double-Bit Axe
14:20 Town Watch
16:38 Scale Barding Armor
18:15 Wheelbarrow
18:09 Forging
23:28 Castle Age
Connection lost

Rejoining the realm…

Still unreachable

The connection could not be restored.

Session expired

The server has moved on; the page needs a fresh start.